 Dungeon Crawl Stone Soup version 0.29.1-13-g9f3cf754e1 (webtiles) character file.

Game seed: 6315270257690742439

242 cowcol the Chopper (level 5, -1/46 HPs)
             Began as a Minotaur Fighter on Feb 5, 2023.
             Slain by Pikel
             ... wielding a +2 whip of electrocution
              (8 damage)
             ... on level 4 of the Dungeon.
             The game lasted 00:08:53 (3532 turns).

cowcol the Chopper (Minotaur Fighter)               Turns: 3532, Time: 00:08:54

Health: -1/46      AC:  7    Str: 28    XL:     5   Next: 81%
Magic:  4/4        EV:  9    Int:  5    God:
Gold:   167        SH:  4    Dex: 10    Spells: 4/4 levels left

rFire   . . .      SeeInvis .   a - +0 war axe
rCold   . . .      Faith    .   c - +0 buckler
rNeg    . . .      Spirit   .   b - +0 scale mail
rPois   .          Reflect  .   (helmet restricted)
rElec   .          Harm     .   (no cloak)
rCorr   .          Rampage  .   (no gloves)
Will    .....                   (no boots)
Stlth   ..........              (no amulet)
HPRegen 0.15/turn               r - +6 ring of strength
MPRegen 0.09/turn               (no ring)

@: mighty
A: horns 2, retaliatory headbutt
a: no special abilities


You were on level 4 of the Dungeon.
You visited 1 branch of the dungeon, and saw 4 of its levels.

You collected 167 gold pieces.

Inventory:

Hand Weapons
 a - a +0 war axe (weapon)
 e - a +0 spear
 g - a +0 short sword
 q - a +0 quarterstaff
Missiles
 h - 32 stones
 l - 15 poisoned darts (quivered)
Armour
 b - a +0 scale mail (worn)
 c - a +0 buckler (worn)
 t - a +0 ring mail
 u - a +0 plate armour
Jewellery
 r - a +6 ring of strength (left hand)
Scrolls
 f - a scroll of enchant armour {unknown}
 i - a scroll of teleportation
 j - a scroll of enchant weapon
 m - a scroll of immolation
 o - a scroll of vulnerability {unknown}
Potions
 k - a potion of magic {unknown}
 n - a potion of cancellation {unknown}
 p - a potion of curing {unknown}
 s - 2 potions of flight


   Skills:
 + Level 4.1 Fighting
 * Level 6.0 Axes
 * Level 1.6 Throwing
 + Level 4.6 Armour
 - Level 3.6 Shields


You had 4 spell levels left.
You didn't know any spells.
Your spell library was empty.

Dungeon Overview and Level Annotations

Branches:
Dungeon (4/15)
 Temple: D:4-7

Altars:
Sif Muna

Shops:
D:1 =

Annotations:
D:4 Pikel


Innate Abilities, Weirdness & Mutations

You have a pair of horns on your head.
You reflexively headbutt those who attack you in melee.


Message History

You block the adder's attack. The lemure hits you but does no damage.
You slice the adder!!
You kill the adder!
You hit the lemure. The lemure hits you. The lemure hits you.
You slash the lemure!
The lemure is heavily wounded.
The lemure hits you but does no damage.
You hit the lemure but do no damage.
The lemure is heavily wounded.
You block the lemure's attack. The lemure hits you.
* * * LOW HITPOINT WARNING * * *
You slash the lemure!
You kill the lemure!
That felt strangely unrewarding.
You see here a +0 spear.
There is a stone staircase leading down here.
You start resting.
HP restored.
You climb downwards.
Level annotation: Pikel
There is a stone staircase leading up, spattered with blood here.
Pikel hits you with a +2 whip of electrocution.
You are electrocuted!!
You barely miss Pikel.
Pikel hits you with a +2 whip of electrocution.
You slash Pikel!
Pikel is moderately wounded.
Pikel hits you with a +2 whip of electrocution.
You slash Pikel!
Pikel is heavily wounded.
Pikel hits you but does no damage.
You hit Pikel.
Pikel is heavily wounded.
Pikel zaps a wand.
Your mind is blasted!
* * * LOW HITPOINT WARNING * * *
The now-empty wand crumbles to dust.
You feel very mighty all of a sudden.
Pikel hits you with a +2 whip of electrocution!
You die...

##.... .. ##.....
... .5....### #
...##
#...5..####.#
....##.K5.#......
#........#...#
#.........(#
##...####.##
#.....@K..#
..........###
.............
.......#.......
.##......#.....#
..............#
..>.............
.........!......


You could see Pikel.

Vanquished Creatures
  An ice beast (D:3)
  4 lemures (D:3)
  Terence (D:3)
  An iguana (D:4)
  4 adders
  A worm (D:3)
  A dart slug (D:3)
  An orc (D:3)
  5 ball pythons
  2 endoplasms
  3 giant cockroaches
  4 goblins
  7 hobgoblins
  6 jackals
  3 quokkas
  3 bats
  4 frilled lizards (D:1)
  6 kobolds
  5 rats
62 creatures vanquished.

Vanquished Creatures (others)
  23 toadstools (D:4)
23 creatures vanquished.

Grand Total: 85 creatures vanquished

Notes
Turn   | Place    | Note
-------+----------+-------------------------------------------
     0 | D:1      | cowcol the Minotaur Fighter began the quest for the Orb.
     0 | D:1      | Reached XP level 1. HP: 19/19 MP: 0/0
    28 | D:1      | Found a faded altar of an unknown god.
   242 | D:1      | Reached XP level 2. HP: 26/27 MP: 1/1
   288 | D:1      | Found Sudoavor's Jewellery Shop.
   569 | D:1      | Reached skill level 3 in Axes
  1457 | D:2      | Reached XP level 3. HP: 33/33 MP: 2/2
  1609 | D:2      | Reached skill level 4 in Axes
  1979 | D:2      | Found a shimmering blue altar of Sif Muna.
  2399 | D:3      | Noticed Terence
  2404 | D:3      | Killed Terence
  2405 | D:3      | Reached XP level 4. HP: 30/40 MP: 3/3
  2661 | D:3      | Reached skill level 1 in Throwing
  2873 | D:3      | Noticed an ice beast
  2889 | D:3      | Killed an ice beast
  2890 | D:3      | Reached skill level 5 in Axes
  2890 | D:3      | Reached XP level 5. HP: 46/46 MP: 4/4
  3109 | D:4      | Reached skill level 6 in Axes
  3117 | D:4      | Noticed Pikel
  3117 | D:4      | Noticed a lemure
  3117 | D:4      | Noticed a lemure
  3117 | D:4      | Noticed a lemure
  3118 | D:4      | Noticed a lemure
  3128 | D:3      | Killed a lemure
  3182 | D:3      | Killed a lemure
  3186 | D:3      | Killed a lemure
  3301 | D:3      | Killed a lemure
  3532 | D:4      | Slain by Pikel

Illustrated notes

Levels and vault maps discovered:
D:1:      dpeg_arrival_erosion, layout_basic, ebering_ecumenical_altar_rust,
          serial_shops, nicolae_shop_hallway_plus, serial_bayou_ford_a
D:2:      layout_basic, serial_aquarium, aquarium_bridge_square
          [aquarium_subvault_wall, aquarium_subvault_bridge,
          aquarium_subvault_bridge, aquarium_subvault_wall],
          aquarium_window_double, aquarium_window_2, aquarium_window_1,
          aquarium_window_fake, aquarium_view_4, aquarium_view_2b, basic_altar
D:3:      layout_basic, uniq_terence
D:4:      layout_rooms, tgw_fedhas, uniq_natasha, uniq_pikel, uniq_edmund

Skill      XL: |  1  2  3  4  5 |
---------------+----------------+-----
Axes           | 3 4 5 6 |  6.0
Fighting       | 4 |  4.1
Armour         | 4 |  4.6
Throwing       | 1 |  1.6
Shields        | |  3.6

Action                   |  1- 3 |  4- 6 || total
-------------------------+-------+-------++-------
Melee: War axe           |    81 |    62 ||   143
       Headbutt          |     5 |     4 ||     9
Throw: Dart              |     1 |     2 ||     3
       Stone             |     1 |       ||     1
  Use: Scroll            |     3 |     1 ||     4
       Potion            |       |     2 ||     2
Armor: Scale mail        |    20 |    22 ||    42
Dodge: Dodged            |    31 |    34 ||    65
Block: Buckler           |    21 |    21 ||    42
